 Dungeon Crawl Stone Soup version 0.26-a0-662-g8b9c6dab81 (console) character file.

Game seed: 3515496586408018221

8740 om the Nimble (level 11, -5/88 HPs)
             Began as a Purple Draconian Ice Elementalist on Oct 9, 2020.
             Was a Priest of Sif Muna.
             Slain by a freezing wraith (12 damage)
             ... on level 10 of the Dungeon.
             The game lasted 00:29:52 (13435 turns).

om the Nimble (Purple Draconian Ice Elementalist)  Turns: 13435, Time: 00:29:54

Health: -5/88      AC:  9    Str: 11    XL:     11   Next: 13%
Magic:  18/18      EV: 17    Int: 15    God:    Sif Muna [***...]
Gold:   543        SH:  0    Dex: 13    Spells: 8/20 levels left

rFire    . . .     SeeInvis .   g - +2 dagger (drain)
rCold    . . .     Faith    .   (no shield)
rNeg     . . .     Spirit   .   (armour unavailable)
rPois    .         Reflect  .   (helmet restricted)
rElec    .         Harm     .   o - +0 cloak
rCorr    .         Rampage  .   (no gloves)
MR       +....                  v - +0 pair of boots
Stlth    +++.......             (no amulet)
HPRegen  0.24/turn              (no ring)
MPRegen  0.16/turn              (no ring)

@: short of breath, slowed, very slow
A: breathe power, unfitting armour, dopey 1, cold-blooded, AC +7
a: Breathe Dispelling Energy, Channel Magic, Forget Spell, Renounce Religion


You were on level 10 of the Dungeon.
You worshipped Sif Muna.
Sif Muna was most pleased with you.
You visited 2 branches of the dungeon, and saw 12 of its levels.

You collected 543 gold pieces.

Inventory:

Hand Weapons
 a - a +1 dagger of speed
 g - a +2 dagger of draining (weapon)
Missiles
 x - 153 stones (quivered)
Armour
 o - a +0 cloak (worn)
 v - a +0 pair of boots (worn)
Scrolls
 d - a scroll of immolation {unknown}
 e - 3 scrolls of enchant armour
 h - 6 scrolls of remove curse
 i - a scroll of noise {unknown}
 j - 3 scrolls of enchant weapon
 k - a scroll of fog {unknown}
 p - 8 scrolls of amnesia
 q - 2 scrolls of fear
 s - 2 scrolls of teleportation {unknown}
 u - 2 scrolls of magic mapping {unknown}
 w - a scroll of holy word {unknown}
 y - 2 scrolls of blinking
 z - 2 scrolls of identify
Potions
 b - 3 potions of curing
 c - 5 potions of flight
 f - a potion of invisibility
 l - 2 potions of mutation
 m - 2 potions of might
 n - a potion of degeneration
 r - a potion of lignification
 t - a potion of cancellation
 B - a potion of brilliance {unknown}
Miscellaneous
 A - a phantom mirror


   Skills:
 + Level 5.2 Fighting
 - Level 3.0 Short Blades
 + Level 9.3 Dodging
 + Level 6.1 Stealth
 - Level 5.0 Spellcasting
 * Level 7.0 Conjurations
 - Level 8.0 Ice Magic
 * Level 3.3 Earth Magic
 - Level 3.0 Invocations


You had 8 spell levels left.
You knew the following spells:

 Your Spells              Type           Power        Failure   Level
a - Freeze                Ice            ####         1%          1
b - Frozen Ramparts       Ice            ####..       1%          3
c - Sandblast             Erth           ##....       4%          1
d - Stone Arrow           Conj/Erth      ###...       6%          3
e - Hailstorm             Conj/Ice       ####....     8%          4

Your spell library contained the following spells:

 Spells                   Type           Power        Failure   Level
 Ozocubu's Armour         Ice            ####....     1%          3
 Passwall                 Tmut/Erth      #.......     12%         2
 Iskenderun's Battlesphe  Conj           ###.....     26%         5
 Summon Ice Beast         Ice/Summ       ###.....     30%         4
 Petrify                  Tmut/Erth      #.......     63%         4
 Bolt of Magma            Conj/Fire/Erth ##........   73%         5
 Lee's Rapid Deconstruct  Erth           ##........   75%         5
 Cause Fear               Hex            #.........   85%         4
 Iron Shot                Conj/Erth      ###.......   96%         6
 Silence                  Hex/Air        #.........   99%         5
 Yara's Violent Unravell  Hex/Tmut       #.........   99%         5
 Orb of Destruction       Conj           ###.......   100%        7
 Spellforged Servitor     Conj/Summ      ##........   100%        7
 Discord                  Hex            #.........   100%        8


Dungeon Overview and Level Annotations

Branches:
Dungeon (11/15)            Temple (0/1) D:6            Lair (1/6) D:9
    Orc (0/2) D:9

Altars:
Cheibriados
Dithmenos
Elyvilon
Fedhas
Okawaru
Qazlal
Sif Muna
Uskayaw
Vehumet
Wu Jian
Xom
Zin

Shops:
D:9 (

Annotations:
D:3 3 runed translucent doors, felt's ghost, novice GnWn


Innate Abilities, Weirdness & Mutations

You can breathe bolts of dispelling energy.
Your rich purple scales are hard. (AC +7)
You cannot fit into any form of body armour.
You are cold-blooded and may be slowed by cold attacks.
You are dopey. (Int -2)


Message History

The freezing wraith misses you.
There is a stone staircase leading up, spattered with blood here.
Casting: Stone Arrow (dangerous; 6% risk of failure)
Confirm with . or Enter, or press ? or * to list all spells.
Okay, then.
You can't go down here!
The freezing wraith barely misses you. The freezing wraith misses you.
You climb upwards.
There is a stone staircase leading down here.
Okay, then.
Press: ? - help, Shift-Dir - straight line, f - freezing wraith
Aim: a freezing wraith You breathe a bolt of dispelling energy.
The bolt of dispelling energy misses the freezing wraith.
You feel yourself speed up. The freezing wraith barely misses you.
The freezing wraith closely misses you. The freezing wraith hits you!
The freezing wraith freezes you!!
You feel yourself slow down.
* * * LOW HITPOINT WARNING * * *
The freezing wraith hits you!
You die...

#..####..########.# #..#
#.................# #..#
##.................# #..#
....####...........#########..#
#...# #......................#
#...# #......................#
#...# #............#########.#
#...# #............# #.# #...#
#............# #.# #...#
#............# #.# #..<#
#..).....@W..# #.# #...#
#............# #.# #...#
#(...........# #.# #...#
#(...........# #.# #...#
#............# #.# #...#
#)...........#########.###
#...####.........................
......)..........................
#################################


You could see a freezing wraith.

Vanquished Creatures
  3 two-headed ogres
  2 cane toads (Lair:1)
  11 yaks
  A wraith (D:10)
  3 steam dragons
  A basilisk (D:10)
  A water moccasin (Lair:1)
  A black bear (D:8)
  A sky beast (D:8)
  2 orc warriors
  An ice beast (D:10)
  3 ogres
  4 phantoms
  4 centaurs
  6 bullfrogs
  A gnoll sergeant (D:8)
  A big kobold (D:10)
  5 scorpions
  6 killer bees (D:8)
  A bullfrog zombie (D:8)
  5 hounds
  10 orc priests
  A centaur skeleton (D:7)
  2 jellies
  A bullfrog skeleton (D:5)
  A gnoll shaman (D:9)
  3 iguanas
  8 orc wizards
  8 worker ants
  A hound skeleton (D:11)
  A mummy (D:9)
  2 worker ant zombies
  14 gnolls
  A howler monkey skeleton (D:6)
  11 adders
  2 shadow imps
  2 white imps
  An ooze (D:1)
  An adder zombie (D:8)
  A dart slug (D:5)
  3 leopard geckos
  33 orcs
  4 giant cockroaches
  6 hobgoblins
  2 jackals (D:3)
  4 quokkas
  3 bats
  5 frilled lizards
  7 goblins
  2 jackal zombies
  10 kobolds
  8 rats
221 creatures vanquished.

Vanquished Creatures (others)
  A quokka (D:3)
  23 fungi
  15 plants
39 creatures vanquished.

Grand Total: 260 creatures vanquished

Notes
Turn   | Place    | Note
-------+----------+-------------------------------------------
     0 | D:1      | om the Draconian Ice Elementalist began the quest for the
                  | Orb.
     0 | D:1      | Reached XP level 1. HP: 14/14 MP: 3/3
   145 | D:1      | Reached skill level 2 in Dodging
   145 | D:1      | Reached XP level 2. HP: 20/20 MP: 3/5
  1425 | D:2      | Reached XP level 3. HP: 26/26 MP: 6/6
  1430 | D:2      | Learned a level 3 spell: Frozen Ramparts
  1815 | D:2      | Found a shadowy altar of Dithmenos.
  1868 | D:2      | Reached XP level 4. HP: 28/33 MP: 3/7
  2046 | D:2      | Found an iron altar of Okawaru.
  2263 | D:3      | Found a blossoming altar of Fedhas.
  2440 | D:3      | Reached skill level 3 in Dodging
  2535 | D:3      | Found a white marble altar of Elyvilon.
  2666 | D:3      | Found a runed translucent gate.
  2666 | D:3      | Found a runed translucent gate.
  2666 | D:3      | Found a runed translucent gate.
  2666 | D:3      | Noticed felt's ghost (novice GnWn)
  2824 | D:3      | Found a shimmering blue altar of Sif Muna.
  2825 | D:3      | Found a hide-covered altar of Uskayaw.
  2827 | D:3      | Found a glowing silver altar of Zin.
  2837 | D:3      | Became a worshipper of Sif Muna the Loreminder
  2848 | D:3      | Found an ornate altar of the Wu Jian Council.
  2957 | D:3      | Reached XP level 5. HP: 32/38 MP: 1/9
  3404 | D:3      | Found a faded altar of an unknown god.
  3560 | D:4      | Found a stormy altar of Qazlal.
  3778 | D:4      | Noticed an ogre
  3793 | D:4      | Killed an ogre
  3793 | D:4      | Reached skill level 4 in Dodging
  3793 | D:4      | Reached XP level 6. HP: 45/45 MP: 4/10
  4413 | D:5      | Entered Level 5 of the Dungeon
  4494 | D:5      | Found a radiant altar of Vehumet.
  4520 | D:5      | Reached skill level 5 in Ice Magic
  4831 | D:5      | Your scales start taking on a rich purple colour.
  4831 | D:5      | Reached XP level 7. HP: 50/50 MP: 7/13
  4988 | D:5      | Noticed a steam dragon
  5004 | D:5      | Killed a steam dragon
  5004 | D:5      | Reached skill level 1 in Fighting
  5006 | D:5      | Noticed a steam dragon
  5134 | D:5      | Killed a steam dragon
  5134 | D:5      | Reached skill level 5 in Dodging
  5134 | D:5      | Reached skill level 1 in Invocations
  5490 | D:5      | Reached * piety under Sif Muna
  5879 | D:6      | Reached XP level 8. HP: 53/62 MP: 9/14
  6183 | D:6      | Found a staircase to the Ecumenical Temple.
  6830 | D:6      | Reached skill level 1 in Short Blades
  6830 | D:6      | Reached skill level 6 in Dodging
  7481 | D:7      | Reached ** piety under Sif Muna
  7669 | D:7      | Learned a level 4 spell: Hailstorm
  7781 | D:8      | Reached XP level 9. HP: 70/73 MP: 9/15
  7871 | D:8      | Reached skill level 5 in Stealth
  7871 | D:8      | Reached skill level 1 in Conjurations
  8159 | D:8      | Reached skill level 5 in Fighting
  8358 | D:8      | Found a shimmering altar of Xom.
  8428 | D:8      | Reached skill level 7 in Dodging
  9015 | D:8      | Noticed a two-headed ogre
  9030 | D:8      | HP: 1/74 [two-headed ogre/+0 giant club (10)]
  9032 | D:8      | Killed a two-headed ogre
  9032 | D:8      | Reached XP level 10. HP: 13/81 MP: 11/17
  9512 | D:9      | Noticed a two-headed ogre
  9513 | D:9      | Reached *** piety under Sif Muna
  9579 | D:9      | Noticed a two-headed ogre
  9598 | D:9      | Killed a two-headed ogre
  9598 | D:9      | Reached skill level 8 in Dodging
  9598 | D:9      | Reached skill level 5 in Spellcasting
  9598 | D:9      | Reached skill level 5 in Conjurations
 10292 | D:9      | Found a staircase to the Lair.
 10299 | D:9      | Found a staircase to the Orcish Mines.
 10311 | D:9      | Learned a level 3 spell: Stone Arrow
 10311 | D:9      | Upgraded the game from 0.26-a0-661-g406de6ba63 to
                  | 0.26-a0-662-g8b9c6dab81
 10329 | D:9      | Killed a two-headed ogre
 10329 | D:9      | Reached skill level 9 in Dodging
 10329 | D:9      | Reached skill level 1 in Earth Magic
 10337 | D:9      | Learned a level 1 spell: Sandblast
 10570 | Lair:1   | Entered Level 1 of the Lair of Beasts
 10574 | Lair:1   | Noticed a cane toad
 10581 | Lair:1   | Killed a cane toad
 10721 | Lair:1   | Noticed a cane toad
 10734 | Lair:1   | Killed a cane toad
 11001 | D:9      | Found Hyhor's Weapon Shop.
 11018 | D:9      | Reached XP level 11. HP: 56/86 MP: 9/18
 11342 | D:9      | Found a snail-covered altar of Cheibriados.
 11748 | D:10     | Entered Level 10 of the Dungeon
 12728 | D:10     | Got an ancient scimitar
 12729 | D:10     | Identified the +5 scimitar "Folatium" {pain, *Contam rElec
                  | Stlth+} (You found it on level 10 of the Dungeon)
 12739 | D:10     | Gained mutation: You are dopey. (Int -2) [mutagenic glow]
 13435 | D:10     | Slain by a freezing wraith

Illustrated notes

Levels and vault maps discovered:
D:1:      ncdulo_wetmaze, layout_basic, minmay_crystal_room
D:2:      wad_lake_hut, layout_basic, lemuel_doored_altar,
          okawaru_metal_pillars_1_2
D:3:      cheibrodos_pilgrimage, layout_basic, elyvilon_altar_4,
          lemuel_round_altar, chequers_temple_overflow_statue_of_worship,
          lemuel_crystal_altar, gammafunk_ghost_necromancy,
          chequers_ecumenical_altar_lobes
D:4:      cheibrodos_quashed, layout_basic, grunt_qazlal_clouds
D:5:      kennysheep_steamy, layout_basic, fiery_altar_vehumet
D:6:      layout_basic, minmay_temple_entry_drinking_statues,
          serial_co_window_serial, co_window_paths_b,
          co_window_of_opportunity_a, co_window_paths_b, co_window_corner_a,
          co_window_paths_a, co_window_broadway_a, co_window_broadway_b,
          co_window_unsneaky_path_e, glass_columns_c, glass_columns_a,
          glass_columns_c, glass_columns_a
D:7:      layout_basic, minmay_misc_feat_cross
D:8:      layout_basic, nicolae_overflow_crystal_walls,
          kennysheep_generic_room_14
D:9:      layout_long_grid, slow_altar_2, grunt_lair_entry_orc_guard_hut,
          orc_0_dummy, serial_shops, nicolae_shop_waterfront
D:10:     minmay_weird_star, layout_long_grid
D:11:     layout_rooms, uniq_fannar, uniq_josephine
Lair:1:   layout_misc_corridors

Skill      XL: |  1  2  3  4  5  6  7  8  9 10 11 |
---------------+----------------------------------+-----
Dodging        | 2 3 4 5 6 7 9 |  9.3
Stealth        | 2 3 4 5 6 |  6.1
Spellcasting   | 3 4 5 |  5.0
Ice Magic      | 5 6 7 8 |  8.0
Fighting       | 2 4 5 |  5.2
Invocations    | 1 3 |  3.0
Short Blades   | 1 3 |  3.0
Conjurations   | 4 6 7 |  7.0
Earth Magic    | 2 3 |  3.3

Action                   |  1- 3 |  4- 6 |  7- 9 | 10-12 || total
-------------------------+-------+-------+-------+-------++-------
Melee: Dagger            |    53 |    79 |   160 |   145 ||   437
       Unarmed           |     3 |       |       |       ||     3
       Tailslap          |     6 |     6 |    19 |    20 ||    51
 Cast: Freeze            |    10 |    11 |    36 |    16 ||    73
       Frozen Ramparts   |     4 |    14 |    38 |    22 ||    78
       Sandblast         |       |       |       |    29 ||    29
       Hailstorm         |       |       |       |     7 ||     7
       Stone Arrow       |       |       |       |     6 ||     6
Invok: Channel Magic     |       |       |       |     1 ||     1
 Abil: Breathe Dispellin |       |       |    31 |    13 ||    44
  Use: Scroll            |       |     8 |     2 |     5 ||    15
       Potion            |       |       |     2 |     3 ||     5
 Stab: Sleeping          |     2 |     4 |     5 |     6 ||    17
Armor: Skin              |    18 |    27 |    39 |    52 ||   136
Dodge: Dodged            |    50 |    73 |   151 |   174 ||   448

Table legend: (Time is in decaauts)
 A = Elapsed time spent in this place.
 B = Non-inter-level travel time spent in this place.
 C = Inter-level travel time spent in this place.
 D = Time resting spent in this place.
 E = Time spent auto-exploring this place.
 F = Levels seen in this place.
 G = Mean time per level.
                   A        B        C        D        E       F      G
               +--------+--------+--------+--------+--------+-----+--------+
         Total |  13461 |  12524 |    937 |   3143 |   7397 |  12 | 1121.8 |
       Dungeon |  13264 |  12328 |    936 |   3038 |   7345 |  11 | 1205.8 |
          Lair |    197 |    197 |      0 |    105 |     52 |   1 |  197.0 |
               +--------+--------+--------+--------+--------+-----+--------+

Top non-repeatable levels by time:
    D:10: 1620 daAuts
     D:5: 1492 daAuts
     D:9: 1454 daAuts
     D:8: 1394 daAuts
     D:6: 1372 daAuts
     D:7: 1332 daAuts
     D:1: 1257 daAuts
     D:3: 1250 daAuts
     D:2: 1036 daAuts
     D:4: 981 daAuts
  Lair:1: 197 daAuts
    D:11: 71 daAuts
